 Dungeon Sprint DCSS version 0.30-a0-860-g512cf1e979 (webtiles) character file.

Game seed: 785610343190366890

35 rocky1 the Shooter (level 3, -2/36 HPs)
             Began as a Minotaur Hunter on Mar 8, 2023.
             Killed from afar by a smoke demon (8 damage)
             ... with a sticky flame
             ... in the Dungeon (Sprint V: "Ziggurat Sprint").
             The game lasted 00:01:45 (188 turns).

rocky1 the Shooter (Minotaur Hunter)                 Turns: 188, Time: 00:01:46

Health: -2/36      AC:  3    Str: 15    XL:     3   Next: 17%
Magic:  2/2        EV: 16    Int:  2    God:
Gold:   0          SH:  0    Dex: 27    Spells: 2/2 levels left

rFire   . . .      SeeInvis +    N - +27 heavy crossbow "Sniper" {heavy, Acc+∞ SInv}
rCold   . . .      Faith    .    (shield currently unavailable)
rNeg    . . .      Spirit   .    c - +0 leather armour
rPois   .          Reflect  .    (helmet restricted)
rElec   .          Rampage  .    (no cloak)
rCorr   .          NoTele   +    (no gloves)
Will    .....                    (no boots)
Stlth   +                        (no amulet)
HPRegen 0.26/turn                w - +6 ring of dexterity
MPRegen 0.08/turn                x - +6 ring of dexterity

@: on fire, glowing
A: horns 2, retaliatory headbutt, [dopey 2], [screaming 2], [subdued magic 2]
a: no special abilities


You were in the Dungeon.
You visited 1 branch

Inventory:

Hand Weapons
 a - a +0 shortbow
 D - the +11 Singing Sword {sonic wave}
   (You found it in the Dungeon)
 E - the +8 storm bow {elec, penet}
   (You found it in the Dungeon)
 F - the +8 lance "Wyrmbane" {slay drac, rPois rF+ rC+ AC+3}
   (You found it in the Dungeon)

   AC:        It affects your AC (+3).
   rF:        It protects you from fire.
   rC:        It protects you from cold.
   rPois:     It protects you from poison.
 G - the +9 sword of Power {lifebolt}
   (You found it in the Dungeon)
 H - the +9 sword of Zonguldrok {reap}
   (You found it in the Dungeon)
 I - a +5 arbalest
 J - a +5 hand crossbow
 K - a +5 longbow
 L - a +5 shortbow
 M - a +5 triple crossbow
 N - the +27 heavy crossbow "Sniper" (weapon) {heavy, Acc+∞ SInv}
   (You found it in the Dungeon)

   Acc+∞: It never misses its target.
   SInv:      It lets you see invisible.
Armour
 c - a +0 leather armour (worn)
Jewellery
 m - a +5 ring of evasion
 v - a ring of flight
 w - a +6 ring of dexterity (left hand)
 x - a +6 ring of dexterity (right hand)
 y - a +6 ring of intelligence
 z - a +6 ring of intelligence
 A - a +6 ring of strength
 B - a +6 ring of strength
Wands
 s - a wand of mindburst (7)
 t - a wand of iceblast (7)
 u - a wand of acid (7)
Scrolls
 b - a scroll of immolation
 i - 4 scrolls of blinking
 o - 4 scrolls of amnesia
 p - 7 scrolls of fog
 q - 5 scrolls of identify
 r - 2 scrolls of fear
Potions
 d - 10 potions of curing
 e - 10 potions of heal wounds
 f - 6 potions of haste
 g - 7 potions of magic
 h - 3 potions of berserk rage
 j - 2 potions of brilliance
 k - 2 potions of invisibility
 l - 4 potions of resistance
 n - 5 potions of might
Miscellaneous
 C - a lightning rod (4/4)


   Skills:
 + Level 5.5 Fighting
 + Level 4.8 Long Blades
 + Level 6.3 Ranged Weapons
 + Level 5.0 Dodging
 - Level 0.7 Stealth


You had 2 spell levels left.
You didn't know any spells.
Your spell library was empty.

Dungeon Overview and Level Annotations

Branches:
Dungeon (1/1)

Altars:
Ashenzari
Cheibriados
Dithmenos
Elyvilon
Fedhas
Gozag
Hepliaklqana
Kikubaaqudgha
Makhleb
Nemelex Xobeh
Okawaru
Qazlal
Ru
Sif Muna
Trog
Uskayaw
Vehumet
Wu Jian
Xom
Yredelemnul
Zin
The Shining One
Jiyva
Lugonu

Annotations:
D 1 transporter


Innate Abilities, Weirdness & Mutations

You have a pair of horns on your head.
You reflexively headbutt those who attack you in melee.
[You are very dopey. (Int -4)]
[You frequently scream uncontrollably at your foes.]
[Your spells are easier to cast, but less powerful.]


Message History

You start waiting.
Done waiting.
There is a transporter here.
Welcome to arena 2.
You enter the transporter and appear at another place.
A smoke demon, a white imp and a wretched star come into view.
The white imp shouts!
Found three items.
Found a transporter.
Unknown command.
Fire: N) +27 heavy crossbow "Sniper" {heavy, Acc+∞ SInv}
Press: ? - help, Q - select action, (/) - cycle Shift-Dir - straight line, f - wretched star
Aim: a wretched star (100% to hit)
You shoot a bolt. The smoke demon roars!
The bolt hits the wretched star!!!
The wretched star is severely damaged.
The wretched star pulses with an eldritch light!
You feel stupid. x2
The smoke demon gestures at you. Something smites you!
The wretched star pulses with an eldritch light!
You feel the urge to shout.
You feel a strong urge to scream.
Unknown command.
Fire: N) +27 heavy crossbow "Sniper" {heavy, Acc+∞ SInv}
Press: ? - help, Q - select action, (/) - cycle Shift-Dir - straight line, f/p - wretched star
Aim: a wretched star (severely damaged, 100% to hit)
You shoot a bolt. The bolt hits the white imp!!
You kill the white imp!
The wretched star glows turbulently.
The lance of force hits you! The smoke demon gestures at you.
Something smites you!
* * * LOW HITPOINT WARNING * * *
The wretched star pulses with an eldritch light!
Your connection to magic feels subdued.
Your connection to magic feels more subdued.
The smoke demon gestures at you. The sticky flame hits you!
You are covered in liquid flames!
You die...

▓▓▓▓▓▓▓▓▓▓▓▓▓
▓.8©8.▓.8©8.▓
▓.)[".▓.....▓
▓.....▓.|...▓
▓.....▓.)...▓
▓..*3.▓..)..▓
▓.....▓..©..▓
▓..@..▓▓▓▓▓▓▓
▓▓▓▓▓▓▓


You could see a wretched star and a smoke demon.

Vanquished Creatures
  An orc wizard (D)
  A white imp (D)
  An orc (D)
3 creatures vanquished.

Notes
Turn   | Place    | Note
-------+----------+-------------------------------------------
     0 | D        | rocky1 the Minotaur Hunter began the quest for the Orb.
     0 | D        | Reached XP level 1. HP: 18/18 MP: 0/0
     0 | D        | Found a shimmering blue altar of Sif Muna.
     0 | D        | Found a bloodstained altar of Trog.
     0 | D        | Found a sacrificial altar of Ru.
     0 | D        | Found a stormy altar of Qazlal.
     0 | D        | Found an iron altar of Okawaru.
     1 | D        | Found a sparkling altar of Nemelex Xobeh.
     1 | D        | Found a blossoming altar of Fedhas.
     1 | D        | Found the +6 Majin-Bo {spellvamp, MP+6 Int+6}
     1 | D        | Found the +27 heavy crossbow "Sniper" {heavy, Acc+∞ SInv}
     1 | D        | Found the +10 dark maul {heavy}
     1 | D        | Found the +15 Maxwell's patent armour {-Cast -Tele rElec
                  | Will+ rCorr}
     1 | D        | Found the +18 shield of the Gong {Loud rN+ Will+ rCorr
                  | EV-5}
     1 | D        | Found the +16 obsidian axe {drain, demonic, Mesm Drain Fly
                  | SInv}
     1 | D        | Found the +7 great mace "Firestarter" {flame, inner flame,
                  | rFlCloud rF++}
     1 | D        | Found the +6 shillelagh "Devastator" {shatter}
     1 | D        | Found the +11 plutonium sword {Contam Stlth-}
     1 | D        | Found the +8 lance "Wyrmbane" {slay drac, rPois rF+ rC+
                  | AC+3}
     1 | D        | Found the +9 sword of Zonguldrok {reap}
     1 | D        | Found the +13 scythe of Curses {drain, curses, Drain}
     1 | D        | Found the +9 sword of Power {lifebolt}
     1 | D        | Found the +7 mace of Variability {chaos, chain chaos}
     1 | D        | Found the +11 Singing Sword {sonic wave}
     1 | D        | Found the +8 storm bow {elec, penet}
     3 | D        | Found a transporter.
     3 | D        | Found an ancient bone altar of Kikubaaqudgha.
     3 | D        | Found a viscous altar of Jiyva.
     3 | D        | Found a corrupted altar of Lugonu.
     3 | D        | Found a hazy altar of Hepliaklqana.
     3 | D        | Found a burning altar of Makhleb.
     3 | D        | Found an opulent altar of Gozag.
    66 | D        | Reached skill level 5 in Fighting
    66 | D        | Reached skill level 6 in Ranged Weapons
    66 | D        | Reached XP level 2. HP: 29/29 MP: 1/1
    67 | D        | Entered arena 2.
    67 | D        | Found a transporter.
    70 | D        | Reached skill level 5 in Dodging
    70 | D        | Reached XP level 3. HP: 36/36 MP: 2/2
   186 | D        | Entered arena 3.
   186 | D        | Noticed a smoke demon
   186 | D        | Noticed a wretched star
   186 | D        | Found a transporter.
   188 | D        | Killed from afar by a smoke demon

Illustrated notes

Levels and vault maps discovered:
D:        sprint_v [room_start, room_1, room_2, room_3, room_4, room_5, room_6,
          room_7, room_8, room_9, room_10, room_11, room_12, room_13, room_14,
          room_15, room_16, room_17, room_18, room_19, room_20, room_21,
          room_22, room_23, room_24, room_25, room_26, room_27]

Skill      XL: |  1  2 |
---------------+-------+-----
Fighting       | 5 |  5.5
Long Blades    | 4 |  4.8
Ranged Weapons | 6 |  6.3
Dodging        | 4 5 |  5.0
Stealth        | |  0.7

Action                     || total
---------------------------++-------
   Fire: Heavy crossbow    ||     4
    Use: Potion            ||     1
 Armour: Leather armour    ||     1
  Dodge: Dodged            ||     1

Table legend: (Time is in decaauts)
 A = Elapsed time spent in this place.
 B = Non-inter-level travel time spent in this place.
 C = Inter-level travel time spent in this place.
 D = Time resting spent in this place.
 E = Time spent auto-exploring this place.
 F = Levels seen in this place.
 G = Mean time per level.
                   A        B        C        D        E       F      G
               +--------+--------+--------+--------+--------+-----+--------+
         Total |    193 |    193 |      0 |    100 |      0 |   1 |  193.0 |
       Dungeon |    193 |    193 |      0 |    100 |      0 |   1 |  193.0 |
               +--------+--------+--------+--------+--------+-----+--------+

Top non-repeatable levels by time:
       D: 193 daAuts
